AoeStats
← M@nqu!to

Arabia

506312996Analyzed
1v1 RM · 19d ago on Sep 13, 2026· 63m 17s· 2 players
Game mode
Random Map
Map size
Tiny (2 player)
Population
200
Speed
Normal
Resources
Standard
Victory
Conquest
Starting age
Dark Age
Ending age
Imperial Age
RankedLock teamsTeams togetherTeam positionsShared explorationLock speedFull tech treeHidden civsTurbo modeCheats
Victory
Defeat
🇦🇷 Vikings · Argentina
1205
+19
🇵🇪 Aztecs · Peru
1275
-19
Cerbero
6:18 Loom
9:10 Feudal Age
9:49 Double-Bit Axe
18:20 Gold Mining
22:20 Castle Age
21:04 Fletching
21:32 Padded Archer Armor
22:23 Scale Barding Armor
22:07 Horse Collar
22:31 Crossbowman
24:19 Bodkin Arrow
25:44 Bow Saw
27:43 Forging
28:48 Chain Barding Armor
32:14 Stone Mining
34:12 Iron Casting
40:46 Scale Mail Armor
42:17 Town Watch
44:07 Chain Mail Armor
48:39 Imperial Age
49:09 Gold Shaft Mining
48:58 Elite Berserk
50:16 Plate Mail Armor
51:51 Masonry
54:06 Blast Furnace
55:16 Conscription
57:54 Bracer
57:17 Arbalester
59:14 Ballistics
59:24 Architecture
62:24 Hoardings
62:34 Leather Archer Armor
M@nqu!to
7:08 Loom
9:30 Feudal Age
14:26 Double-Bit Axe
19:53 Scale Mail Armor
22:44 Castle Age
21:35 Gold Mining
22:21 Forging
22:59 Eagle Warrior
23:56 Chain Mail Armor
24:33 Squires
25:51 Arson
27:13 Iron Casting
26:37 Town Watch
30:11 Pikeman
43:30 Imperial Age
45:44 Plate Mail Armor
46:14 Blast Furnace
50:41 Conscription
50:50 Elite Jaguar Warrior
62:14 Elite Eagle Warrior
Connection lost

Rejoining the realm…

Still unreachable

The connection could not be restored.

Session expired

The server has moved on; the page needs a fresh start.